 Dungeon Crawl Stone Soup version 0.23-a0-612-gcb482e9 (webtiles) character file.

333 George the Carver (level 6, -3/51 HPs)
             Began as a Minotaur Fighter on Dec 21, 2018.
             Slain by an ogre
             ... wielding the +2 dire flail of Offence {speed, +Inv rC+}
              (18 damage)
             ... on level 3 of the Dungeon.
             The game lasted 00:03:58 (2193 turns).

George the Carver (Minotaur Fighter)                Turns: 2193, Time: 00:03:59

Health: -3/51      AC: 11    Str: 22    XL:     6   Next: 27%
Magic:  5/5        EV:  5    Int:  5    God:
Gold:   126        SH:  9    Dex: 10    Spells: 5/5 levels left

rFire    . . .     SeeInvis .   a - +0 long sword
rCold    . . .     Gourm    .   c - +0 shield
rNeg     . . .     Faith    .   o - +0 chain mail
rPois    +         Spirit   .   (helmet restricted)
rElec    .         Reflect  .   y - +0 cloak {rPois}
rCorr    .         Harm     .   (no gloves)
MR       .....                  g - +0 pair of boots
Stlth    ..........             t - amulet of rage
HPRegen  0.17/turn              (no ring)
MPRegen  0.09/turn              (no ring)

@: no status effects
A: retaliatory headbutt, horns 2
a: Evoke Berserk Rage


You were on level 3 of the Dungeon.
You were not hungry.

You visited 1 branch of the dungeon, and saw 3 of its levels.

You collected 126 gold pieces.

Inventory:

Hand Weapons
 a - a +0 long sword (weapon)
Armour
 c - a +0 shield (worn)
 g - a +0 pair of boots (worn)
 o - a +0 chain mail (worn)
 y - a +0 cloak of poison resistance (worn)
Jewellery
 t - an amulet of rage (around neck)
 u - an uncursed ring of protection from magic {unknown}
Wands
 q - a wand of random effects (13)
Scrolls
 b - 2 scrolls of teleportation {unknown}
 e - 4 scrolls of remove curse
 k - 2 scrolls of blinking {unknown}
 n - 2 scrolls of magic mapping {unknown}
 v - a scroll of random uselessness {unknown}
 w - 2 scrolls of immolation {unknown}
 z - a scroll of identify {unknown}
Potions
 d - a potion of might
 h - 2 potions of invisibility {unknown}
 i - 2 potions of curing {unknown}
 j - a potion of heal wounds {unknown}
 l - 2 potions of lignification {unknown}
 m - 2 potions of flight {unknown}
 p - 2 potions of brilliance {unknown}
 r - 2 potions of cancellation {unknown}
 s - a potion of mutation {unknown}
 x - a potion of degeneration {unknown}
Comestibles
 f - 7 rations


   Skills:
 - Level 3.6 Fighting
 + Level 8.1 Long Blades
 - Level 3.6 Armour
 - Level 3.6 Shields


You had 5 spell levels left.
You didn't know any spells.
Your spell library was empty.

Dungeon Overview and Level Annotations

Branches:
Dungeon (3/15)

Altars:
Elyvilon
Gozag

Annotations:
D:3 1 transporter


Innate Abilities, Weirdness & Mutations

You reflexively headbutt those who attack you in melee.
You have a pair of horns on your head.


Message History

The ogre hits you with the +2 dire flail of Offence {speed, +Inv rC+}!
You hit the ogre.
The ogre is moderately wounded.
The ogre hits you but does no damage.
You hit the ogre.
The ogre is moderately wounded.
You block the ogre's attack.
Your chain mail prevents you from hitting the ogre.
The ogre is moderately wounded.
The ogre hits you with the +2 dire flail of Offence {speed, +Inv rC+}!!
* * * LOW HITPOINT WARNING * * *
You hit the ogre.
You headbutt the ogre, but do no damage.
The ogre is heavily wounded.
You block the ogre's attack.
You hit the ogre but do no damage.
The ogre is heavily wounded.
You block the ogre's attack.
The ogre hits you with the +2 dire flail of Offence {speed, +Inv rC+}!!
You die...

#..###.# #..# ## #......# #..# #.
#(###..###### #..# #. #.#
#..##...## #..# #. #.###..#.....#
#..# #. ..........#############
#. ##........#.....©.....# #.
##.#####..#..##...##..# #. ##.#
#.##.#..#@#..#.# ######. ##.#
#)##.#..#O#..#.# #......
##.#####.##..##...##..# #......
##........#©...)!.....#####......
########..#############.........(
# #.......©.©.....####...#.(
########..#####...###..# #..###.
..............##.## ##.# ##.## ##
#############....# ##.###.## #


You could see an ogre.

Vanquished Creatures
  The ghost of Duffy the Conjurer, an amateur DsFE (D:3)
  A wyvern zombie (D:3)
  Crazy Yiuf (D:3)
  A jelly (D:3)
  Jessica (D:2)
  3 adders
  5 worms
  A dart slug (D:1)
  3 leopard geckos
  2 orcs (D:3)
  6 bats
  3 giant cockroaches
  10 goblins
  7 hobgoblins
  5 jackals
  A quokka (D:3)
  4 frilled lizards
  9 kobolds
  7 rats
71 creatures vanquished.

Notes
Turn   | Place    | Note
-------+----------+-------------------------------------------
     0 | D:1      | George the Minotaur Fighter began the quest for the Orb.
     0 | D:1      | Reached XP level 1. HP: 19/19 MP: 0/0
    64 | D:1      | Reached skill level 3 in Long Blades
    94 | D:1      | Reached XP level 2. HP: 26/26 MP: 1/1
   343 | D:1      | Reached skill level 4 in Long Blades
   496 | D:2      | Reached XP level 3. HP: 21/31 MP: 2/2
   747 | D:2      | Noticed Jessica
   753 | D:2      | Killed Jessica
   753 | D:2      | Reached skill level 5 in Long Blades
   753 | D:2      | Reached XP level 4. HP: 33/39 MP: 3/3
   978 | D:2      | Found an opulent altar of Gozag.
  1031 | D:3      | Noticed Duffy's ghost (amateur DsFE)
  1032 | D:3      | Found a transporter.
  1033 | D:3      | Identified the +2 dire flail of Offence {speed, +Inv rC+}
  1033 | D:3      | Noticed an ogre
  1039 | D:3      | Reached skill level 6 in Long Blades
  1039 | D:3      | Reached XP level 5. HP: 42/45 MP: 4/4
  1180 | D:3      | Reached skill level 7 in Long Blades
  1498 | D:3      | Found a white marble altar of Elyvilon.
  1641 | D:3      | Found a transporter.
  1768 | D:3      | Found a runed door.
  2040 | D:3      | Noticed Crazy Yiuf
  2046 | D:3      | Paralysed by Crazy Yiuf for 5 turns
  2057 | D:3      | Killed Crazy Yiuf
  2187 | D:3      | Killed Duffy's ghost
  2187 | D:3      | Reached skill level 8 in Long Blades
  2187 | D:3      | Reached XP level 6. HP: 44/51 MP: 5/5
  2193 | D:3      | Slain by an ogre

Vault maps used:
D:1:      zaba_arrival_water, minmay_misc_feat_room
D:2:      first_ration, hangedman_decor_points,
          nicolae_gozag_cash_rules_everything_around_me, uniq_jessica
D:3:      marbit_many_paths, gammafunk_ghost_smash, uniq_crazy_yiuf_cottage

Skill      XL: |  1  2  3  4  5 |
---------------+----------------+-----
Long Blades    | 3 4 5 6 8 |  8.1
Fighting       | |  3.6
Armour         | |  3.6
Shields        | |  3.6

Action                   |  1- 3 |  4- 6 || total
-------------------------+-------+-------++-------
Melee: Long sword        |    66 |   123 ||   189
       Headbutt          |    11 |    19 ||    30
  Use: Scroll            |       |     1 ||     1
  Eat: Chunk             |       |     4 ||     4
Armor: Scale mail        |    25 |       ||    25
       Chain mail        |       |    48 ||    48
Dodge: Dodged            |    18 |    13 ||    31
Block: Shield            |    43 |    66 ||   109
       Rpst.: Long sword |     9 |     7 ||    16

Table legend:
 A = Non-vault XP
 B = Vault XP
 C = Vault XP percentage of total XP
 D = Non-vault monster count
 E = Vault monster count
 F = Vault count percentage of total count
                 A         B        C        D         E       F
            +---------+---------+-------+---------+---------+-------
      Total |     289 |     188 |  39.4 |      67 |       4 |   5.6
            +---------+---------+-------+---------+---------+-------
        D:1 |      30 |       0 |   0.0 |      16 |       0 |   0.0
        D:2 |      84 |      37 |  30.6 |      27 |       1 |   3.6
        D:3 |     175 |     151 |  46.3 |      24 |       3 |  11.1
            +---------+---------+-------+---------+---------+-------
